 Dungeon Crawl Stone Soup version 0.21-a0-329-g12f17e1 (webtiles) character file.

251 vishdafish the Covered (level 5, -4/38 HPs)
             Began as a Demonspawn Skald on Oct 1, 2017.
             Slain by a yak (12 damage)
             ... on level 2 of the Dungeon.
             The game lasted 00:06:22 (2990 turns).

vishdafish the Covered (Demonspawn Skald)           Turns: 2990, Time: 00:06:23

Health: -4/38      AC:  7    Str: 12    XL:     5   Next: 88%
Magic:  0/8        EV: 12    Int: 15    God:
Gold:   159        SH:  0    Dex: 12    Spells: 7/8 levels left

rFire    . . .     SeeInvis .   t - +0 trident
rCold    . . .     Gourm    .   (no shield)
rNeg     . . .     Faith    .   j - +0 troll leather armour {Purgy}
rPois    .         Spirit   +   (no helmet)
rElec    .         Reflect  .   s - +0 cloak
rCorr    .         Harm     .   (no gloves)
MR       .....                  (no boots)
Stlth    +.........             u - amulet of guardian spirit
HPRegen  0.52/turn              (no ring)
MPRegen  0.11/turn              (no ring)

@: infused
A: talons 1, yellow scales 1
a: no special abilities


You were on level 2 of the Dungeon.
You were not hungry.

You visited 1 branch of the dungeon, and saw 4 of its levels.

You collected 159 gold pieces.

Inventory:

Hand Weapons
 a - a +0 spear
 t - a +0 trident (weapon)
Armour
 b - a +0 leather armour
 j - a +0 troll leather armour (worn) {Purgy}
 s - a +0 cloak (worn)
Jewellery
 u - an amulet of guardian spirit (around neck)
Scrolls
 e - a scroll of recharging {unknown}
 h - 7 scrolls of identify {unknown}
 i - a scroll of remove curse {unknown}
 l - a scroll of blinking {unknown}
 m - a scroll of immolation {unknown}
 n - a scroll of fear {unknown}
 q - 2 scrolls of amnesia {unknown}
 x - a scroll of fog {unknown}
 y - a scroll of enchant armour {unknown}
Potions
 g - 4 potions of curing
 k - a potion of heal wounds {unknown}
 o - a potion of berserk rage {unknown}
 p - a potion of invisibility {unknown}
 v - a potion of flight {unknown}
 w - a potion of lignification {unknown}
Books
 c - a book of Battle

   Spells                             Type                      Level
   a - Infusion                       Charms                       1
   b - Shroud of Golubria             Charms/Translocation         2
   c - Song of Slaying                Charms                       2
   d - Spectral Weapon                Hexes/Charms                 3
   e - Regeneration                   Charms/Necromancy            3
 r - a book of Minor Magic

   Spells                             Type                      Level
   a - Magic Dart                     Conjuration                  1
   b - Blink                          Translocation                2
   c - Call Imp                       Summoning                    2
   d - Slow                           Hexes                        2
   e - Conjure Flame                  Conjuration/Fire             3
   f - Mephitic Cloud                 Conjuration/Poison/Air       3
Comestibles
 d - a bread ration
 f - 3 meat rations


   Skills:
 - Level 2.0 Fighting
 + Level 3.4 Polearms
 * Level 3.8 Armour
 - Level 2.3 Dodging
 - Level 2.1 Spellcasting
 - Level 3.0 Charms


You had 7 spell levels left.
You knew the following spells:

 Your Spells              Type           Power        Failure   Level  Hunger
a - Infusion              Chrm           ##..         9%          1    #......


Dungeon Overview and Level Annotations

Branches:
Dungeon (4/15)
 Temple: D:4-7

Altars:
Gozag
Xom


Innate Abilities, Weirdness & Mutations

You have sharp toenails.
You are partially covered in yellow scales. (AC +2)


Message History

You climb upwards.
There is a stone staircase leading down here.
You closely miss the yak. You claw the yak.
The yak is lightly wounded.
The yak gores you. The yak gores you!
Casting: Infusion
Confirm with . or Enter, or press ? or * to list all spells.
You begin infusing your attacks with magical energy.
The yak gores you but does no damage.
You hit the yak! Your kick misses the yak.
The yak is moderately wounded.
The yak closely misses you.
You hit the yak.
The yak is moderately wounded.
The yak gores you!
* * * LOW HITPOINT WARNING * * *
You barely miss the yak.
The yak is moderately wounded.
The yak gores you!
You die...

..'........#
#.._..# #.
.##........#
#.....# #.
.###########
#.....# ####.
.# ###'###
#.... .####
#.# #..#.
....## #.#
#.... .....#
#.# #..##
...).# #Y#
#..#$ .....#
#@# ##.##
.....########
### #...
##.#........#
####
##+#).......#
............#
............#
..<.........#
..##........#
(.##........#


You could see a yak.

Vanquished Creatures
  Purgy (D:3)
  3 gnolls (D:3)
  3 adders (D:3)
  An ooze (D:3)
  7 worms
  4 leopard geckos
  4 orcs (D:3)
  2 ball pythons (D:1)
  6 bats
  8 giant cockroaches
  7 goblins
  8 hobgoblins
  4 jackals
  6 kobolds
  A quokka (D:3)
  A frilled lizard (D:2)
  4 rats
  A plant (D:1)
71 creatures vanquished.

Vanquished Creatures (others)
  A plant (D:1)
1 creature vanquished.

Grand Total: 72 creatures vanquished

Notes
Turn   | Place    | Note
-------+----------+-------------------------------------------
     0 | D:1      | vishdafish the Demonspawn Skald began the quest for the Orb.
     0 | D:1      | Reached XP level 1. HP: 16/16 MP: 3/3
   464 | D:1      | Reached skill level 1 in Armour
   467 | D:1      | Gained mutation: You have sharp toenails. [demonic ancestry]
   467 | D:1      | Reached XP level 2. HP: 15/22 MP: 0/5
   888 | D:1      | Reached XP level 3. HP: 22/27 MP: 4/6
  1098 | D:2      | Found an opulent altar of Gozag.
  1770 | D:3      | Gained mutation: You are partially covered in yellow scales. (AC +2) [demonic ancestry]
  1770 | D:3      | Reached XP level 4. HP: 29/33 MP: 2/7
  2324 | D:3      | Noticed Purgy
  2582 | D:2      | Found a shimmering altar of Xom.
  2624 | D:3      | Killed Purgy
  2624 | D:3      | Reached XP level 5. HP: 14/38 MP: 0/8
  2930 | D:4      | Noticed a yak
  2931 | D:4      | Noticed a yak
  2932 | D:4      | Noticed a yak
  2990 | D:2      | Slain by a yak

Vault maps used:
D:1:      roderic_crop_circles_arrival_small
D:2:      lemuel_upstairs_altar, grunt_gozag_statues, serial_glass,
          glass_columns_b, glass_columns_a, glass_columns_b,
          minmay_strange_pillars, item_on_display_a, feat_on_display
D:3:      uniq_purgy
D:4:      good_gods_temple_1, first_bread, portal_sewer_entry_e, uniq_pikel,
          uniq_duvessa

Skill      XL: |  1  2  3  4 |
---------------+-------------+-----
Armour         | 1 2 3 |  3.8
Charms         | 3 |  3.0
Polearms       | 2 3 |  3.4
Dodging        | 2 |  2.3
Fighting       | |  2.0
Spellcasting   | |  2.1

Action                   |  1- 3 |  4- 6 || total
-------------------------+-------+-------++-------
Melee: Spear             |   216 |    35 ||   251
       Kick              |    14 |    33 ||    47
       Trident           |       |   103 ||   103
 Cast: Infusion          |    16 |     8 ||    24
  Use: Potion            |       |     2 ||     2
  Eat: Chunk             |     3 |     1 ||     4
       Bread ration      |       |     1 ||     1
Armor: Leather armour    |    24 |    39 ||    63
       Troll leather arm |       |     8 ||     8
Dodge: Dodged            |    56 |    95 ||   151

Table legend:
 A = Spawn XP
 B = Non-spawn XP
 C = Spawn XP percentage of total XP
 D = Spawn monster count
 E = Non-spawn monster count
 F = Spawn count percentage of total count
 G = Total turns spent on level
                    A         B        C        D         E        F      G
               +---------+---------+-------+---------+---------+-------+---------
         Total |       0 |     359 |   0.0 |       0 |      70 |   0.0 |  2990
               +---------+---------+-------+---------+---------+-------+---------
           D:1 |       0 |      48 |   0.0 |       0 |      26 |   0.0 |  1011
           D:2 |       0 |      35 |   0.0 |       0 |      13 |   0.0 |   935
           D:3 |       0 |     276 |   0.0 |       0 |      31 |   0.0 |  1007
               +---------+---------+-------+---------+---------+-------+---------
